Cogmind - Beta 13 @@@ ROGUE MODE // 2024.04.06 @ 16:35:11 Player: Lunace Result: Destroyed by Y-45 Defender with Heavy Assault Rifle Performance ------------- Evolutions (0) 0 Regions Visited (4) 800 Robots Destroyed (32) 160 Value Destroyed (571) 571 Prototype IDs (0) 0 Alien Tech Used (0) 0 Bonus (74) 74 TOTAL SCORE: 1605 Bonus ------- Follower Combat Kills 74 Cogmind --------- Core Integrity 0/250 Matter 249/300 Energy 142/160 System Corruption 0% Temperature Cool (27) Movement Walking (190) Ox1 Location -9/Mines Parts ------- > --- POWER (1) -------- Light Nuclear Core > --- PROPULSION (2) --- Aluminum Leg Aluminum Leg > --- UTILITY (2) ------ Medium Storage Unit Improved Terrain Scanner > --- WEAPON (2) ------- Light Assault Rifle Rocket Launcher > --- INVENTORY (10) --- Ion Engine Aluminum Leg Aluminum Leg Improved Heat Sink High-capacity Matter Pod (200) High-capacity Matter Pod (200) Light Assault Rifle Light Assault Rifle Light Assault Rifle Mining Laser Peak State ------------ > --- POWER ------------ Light Nuclear Core > --- PROPULSION ------- Aluminum Leg Aluminum Leg > --- UTILITY ---------- Medium Storage Unit Improved Terrain Scanner > --- WEAPON ----------- Light Assault Rifle Rocket Launcher > --- INVENTORY -------- Ion Engine Aluminum Leg Aluminum Leg Improved Heat Sink High-capacity Matter Pod High-capacity Matter Pod Light Assault Rifle Light Assault Rifle Light Assault Rifle Mining Laser [Rating: 13] Favorites ----------- Power Ion Engine Engine Ion Engine Power Core Light Nuclear Core Propulsion Aluminum Leg Treads Light Treads Leg Aluminum Leg Utility Improved Terrain Scanner Device Improved Terrain Scanner Storage Medium Storage Unit Weapon Light Assault Rifle Energy Gun Medium Laser Ballistic Gun Light Assault Rifle Launcher Rocket Launcher Build | -11 -10 -10 -10 -9 ------- Run | Yrd Mat Min Exi Min Slots Evolved . | . . . . . Power . | . . . . . Propulsion . | . . . . . Utility . | . . . . . Weapon . | . . . . . Parts Attached 38 | 7 5 22 3 1 Power 7 | 1 1 5 . . Engine 5 | 1 1 3 . . Core 2 | . . 2 . . Reactor . | . . . . . Propulsion 11 | 2 . 9 . . Treads 2 | 2 . . . . Leg 9 | . . 9 . . Wheel . | . . . . . Hover . | . . . . . Flight . | . . . . . Utility 6 | 2 1 3 . . Device 3 | 1 . 2 . . Storage 3 | 1 1 1 . . Processor . | . . . . . Hackware . | . . . . . Protection . | . . . . . Artifact . | . . . . . Weapon 14 | 2 3 5 3 1 Energy Gun 1 | 1 . . . . Energy Cannon . | . . . . . Ballistic Gun 10 | 1 3 4 2 . Ballistic Cannon . | . . . . . Launcher 3 | . . 1 1 1 Special Weapon . | . . . . . Impact Weapon . | . . . . . Slashing Weapon . | . . . . . Piercing Weapon . | . . . . . Special Melee Weapon . | . . . . . Unidentified Prototypes . | . . . . . Parts Lost 7 | . . 7 . . Power 2 | . . 2 . . Propulsion 3 | . . 3 . . Utility 1 | . . 1 . . Weapon 1 | . . 1 . . Highest Loss Streak 6 | . . 6 . . To Critical Strikes . | . . . . . Average Slot Usage (%) 98 | . 100 95 100 100 Engine 8 | . 14 9 . . Core 5 | . . 4 14 14 Treads 9 | . 28 . . . Leg 18 | . . 27 28 28 Device 12 | . 14 10 14 14 Storage 14 | . 14 14 14 14 Energy Gun 1 | . 4 . . . Ballistic Gun 24 | . 23 26 22 28 Launcher 2 | . . 1 5 . Naked Turns . | . . . . . Heaviest Build 21 | 14 18 21 21 18 Greatest Support 40 | 40 40 40 20 20 Greatest Overweight (x) 1 | 1 . 1 1 . Average Overweight (x) . | . . . . . Largest Inventory Capacity 10 | 8 10 10 10 10 Average Capacity 9 | 7 8 10 10 10 Most Carried 10 | 3 10 10 10 10 Average Carried 8 | 1 6 9 10 10 Final Capacity 10 | 8 10 10 10 10 Final Carried 10 | 2 10 10 10 10 Class Distribution -------------------- 56% | Scavenger-Mutant 43% | Mutant Dominant Class ---------------- Mutant | -10/Materials Scavenger-Mutant | -10/Mines Scavenger-Mutant | -10/Exiles Scavenger-Mutant | -9/Mines Resources | -11 -10 -10 -10 -9 ----------- Run | Yrd Mat Min Exi Min Matter Collected 974 | 270 201 503 . . Remotely . | . . . . . Salvage Created 715 | 54 188 473 . . Parts 64 | 5 21 38 . . Haulers Intercepted . | . . . . . Recyclers Shooed . | . . . . . Parts Field Recycled . | . . . . . Retrieved Matter . | . . . . . Parts Self-Destructed . | . . . . . Prevented . | . . . . . Kills | -11 -10 -10 -10 -9 ------- Run | Yrd Mat Min Exi Min Combat Hostiles Destroyed 24 | . 8 16 . . Guns 23 | . 8 15 . . AOE 1 | . . 1 . . Classes Destroyed 6 | 1 4 1 . . Worker 1 | . 1 . . . Tunneler 6 | 3 . 3 . . Watcher 2 | . 2 . . . Swarmer 13 | . 6 7 . . Grunt 10 | . 2 8 . . Assembled 1 | . . 1 . . Best Kill Streak 4 | 2 3 4 . . Combat Bots Only 3 | . 3 3 . . Max Kills in Single Turn 2 | 1 1 2 . . Gunslinging 1 | . . 1 . . Exploded 1 | . . 1 . . Melee . | . . . . . Uniques/NPCs Destroyed . | . . . . . Combat | -11 -10 -10 -10 -9 -------- Run | Yrd Mat Min Exi Min Hostile Shots Fired 197 | . 66 127 . 4 Missed 53 | . 18 34 . 1 Damage Taken 1461 | . 443 972 . 46 Core 255 | . 82 142 . 31 Absorbed by Shields . | . . . . . Core Remaining (%) 100 | 100 . . . . Volleys Fired 119 | 10 44 64 1 . Largest 2 | 2 2 2 1 . Hottest 70 | 70 70 40 33 . Shots Fired 230 | 20 88 121 1 . Gun 227 | 20 88 119 . . Cannon . | . . . . . Launcher 3 | . . 2 1 . Special . | . . . . . Kinetic 189 | 10 60 119 . . Thermal 38 | 10 28 . . . Explosive 3 | . . 2 1 . Electromagnetic . | . . . . . Robot Hit Streak 19 | 8 5 19 . . Robot Miss Streak 5 | 1 5 3 . . Penetration Max . | . . . . . Secondary Targets 5 | . 1 4 . . Max Gunslinging Chain 1 | . 1 1 . . Shots Hit Robots 136 | 13 43 80 . . Core Hits 60 | 5 17 38 . . Critical Kills . | . . . . . Critical Parts Destroyed . | . . . . . Critical Strikes 5 | 1 4 . . . Burn 5 | 1 4 . . . Melee Attacks . | . . . . . Impact . | . . . . . Slashing . | . . . . . Piercing . | . . . . . Sneak Attacks . | . . . . . Combat Hostiles . | . . . . . Follow-up Attacks . | . . . . . Damage Inflicted 1299 | 150 434 715 . . Guns 1228 | 150 432 646 . . Cannons . | . . . . . Explosions 69 | . . 69 . . Melee . | . . . . . Ramming 2 | . 2 . . . Kinetic 953 | 38 269 646 . . Thermal 275 | 112 163 . . . Explosive 69 | . . 69 . . Electromagnetic . | . . . . . Impact . | . . . . . Slashing . | . . . . . Piercing . | . . . . . Highest Corruption . | . . . . . Average Corruption . | . . . . . Corruption Purged . | . . . . . Corruption Blocked . | . . . . . Overload Shots . | . . . . . Overflow Damage . | . . . . . Projectiles . | . . . . . Explosions . | . . . . . Melee . | . . . . . Knockbacks . | . . . . . Impact . | . . . . . Kinetic . | . . . . . Secondary . | . . . . . Self-Inflicted Damage . | . . . . . Shots . | . . . . . Rammed . | . . . . . Targets Rammed 1 | . 1 . . . Kicked . | . . . . . Crushed 1 | . 1 . . . Highest Temperature 150 | 100 150 22 . . Average Temperature 36 | 42 61 7 . . Received Heat Transfer 462 | . 105 321 . 36 Siege Activations . | . . . . . Robots Corrupted . | . . . . . Combat Hostiles . | . . . . . Parts Fried . | . . . . . Impact Corruptions . | . . . . . Robots Melted . | . . . . . Combat Hostiles . | . . . . . Parts Melted 3 | 1 2 . . . Heat Transferred 1184 | 407 777 . . . Parts Sabotaged . | . . . . . Parts Stolen . | . . . . . Parts Stripped . | . . . . . Power Chain Reactions . | . . . . . Alert | -11 -10 -10 -10 -9 ------- Run | Yrd Mat Min Exi Min Peak Influence 260 | 15 240 260 . 15 Initial 9 | . 9 5 . . Average 61 | 5 46 81 . 1 Maximum Alert Level 1 | . 1 1 . . Low Security (%) 96 | 100 99 94 . 100 Level 1 3 | . . 5 . . Level 2 . | . . . . . Level 3 . | . . . . . Level 4 . | . . . . . Level 5 . | . . . . . High Security . | . . . . . Max Security . | . . . . . Squads Dispatched 1 | . 1 . . . Investigation . | . . . . . Extermination . | . . . . . Reinforcement 1 | . 1 . . . Assault . | . . . . . Garrison . | . . . . . Intercept . | . . . . . Searches Triggered . | . . . . . Construction Impeded . | . . . . . Haulers Reinforced . | . . . . . Active Scanning Responses . | . . . . . Cargo Convoy Interrupts . | . . . . . Stealth | -11 -10 -10 -10 -9 --------- Run | Yrd Mat Min Exi Min Distress Signals 2 | . 1 1 . . Communications Jammed . | . . . . . Distress Signals . | . . . . . Times Spotted 35 | . 14 19 . 2 Peak Tracking Total 5 | . 3 5 . 2 Tactical Retreats 1 | . . 1 . . Traps | -11 -10 -10 -10 -9 ------- Run | Yrd Mat Min Exi Min Traps Triggered . | . . . . . Indirectly . | . . . . . Trap Hack Attempts . | . . . . . Triggered . | . . . . . Disarmed . | . . . . . Reprogrammed . | . . . . . Reused . | . . . . . Traps Extracted . | . . . . . Installed . | . . . . . Triggered . | . . . . . Machines | -11 -10 -10 -10 -9 ---------- Run | Yrd Mat Min Exi Min Machines Disabled . | . . . . . Max in Single Turn . | . . . . . Machines Repaired . | . . . . . Machines Dismantled . | . . . . . Machines Sabotaged . | . . . . . Overloaded Fab Kills . | . . . . . Hacking | -11 -10 -10 -10 -9 --------- Run | Yrd Mat Min Exi Min Machines Accessed 9 | . 5 . 4 . Terminals 4 | . 4 . . . Fabricators . | . . . . . Repair Stations . | . . . . . Recycling Units 1 | . 1 . . . Scanalyzers . | . . . . . Garrison Access . | . . . . . Total Hacks 19 | . 15 . 4 . Successful 13 | . 9 . 4 . Failed 6 | . 6 . . . Catastrophic 2 | . 2 . . . Database Lockouts . | . . . . . Manual 1 | . 1 . . . Terminals 11 | . 11 . . . Fabricators . | . . . . . Repair Stations . | . . . . . Recycling Units 4 | . 4 . . . Scanalyzers . | . . . . . Garrison Access . | . . . . . Terminal Hacks 9 | . 5 . 4 . Record 4 | . . . 4 . Alert Level 2 | . 2 . . . Locate Traps 1 | . 1 . . . Zone Layout 2 | . 2 . . . Fabricator Hacks . | . . . . . Repair Station Hacks . | . . . . . Recycling Unit Hacks 3 | . 3 . . . Process 1 | . 1 . . . Report Inventory 1 | . 1 . . . Retrieve Matter 1 | . 1 . . . Scanalyzer . | . . . . . Garrison Access Hacks . | . . . . . Unauthorized Hacks 1 | . 1 . . . Terminals 1 | . 1 . . . Track 1 | . 1 . . . Fabricators . | . . . . . Repair Stations . | . . . . . Recycling Units . | . . . . . Scanalyzers . | . . . . . Garrison Access . | . . . . . Data Cores Recovered . | . . . . . Used . | . . . . . Hacking Detections 4 | . 4 . . . Full Trace Events 1 | . 1 . . . Feedback Events . | . . . . . Feedback Blocked . | . . . . . Robot Schematics Acquired . | . . . . . Robots Built . | . . . . . Authchips . | . . . . . Time . | . . . . . Total Robot Build Rating . | . . . . . Part Schematics Acquired . | . . . . . Parts Built . | . . . . . Authchips . | . . . . . Time . | . . . . . Total Part Build Rating . | . . . . . Parts Repaired . | . . . . . Time . | . . . . . Parts Recycled . | . . . . . Recycled Matter 92 | . 92 . . . Retrieved Matter 145 | . 145 . . . Retrieved Components . | . . . . . Parts Scanalyzed . | . . . . . Part Schematics Acquired . | . . . . . Parts Damaged . | . . . . . Bothacking | -11 -10 -10 -10 -9 ------------ Run | Yrd Mat Min Exi Min Used RIF Installer . | . . . . . Robots Hacked . | . . . . . Non-combat . | . . . . . Combat . | . . . . . Robot Hacks Applied . | . . . . . Relay Couplers Released . | . . . . . Fabnet Peak Effective % . | . . . . . Robots Rewired . | . . . . . Allies Hacked . | . . . . . Hacks Repelled . | . . . . . Allies | -11 -10 -10 -10 -9 -------- Run | Yrd Mat Min Exi Min Total Allies 3 | . . 3 . . Largest Group 3 | . . 3 . . Highest-Rated Group 40 | . . 40 . . Highest-Rated Ally 16 | . . 16 . . Total Orders . | . . . . . Ally Attacks 27 | . . 27 . . Total Damage 278 | . . 278 . . Kills 4 | . . 4 . . Allies Corrupted . | . . . . . Allies Melted . | . . . . . Intel | -11 -10 -10 -10 -9 ------- Run | Yrd Mat Min Exi Min Robot Analysis Total . | . . . . . Derelict Logs Recovered 1 | . . 1 . . Drone Launches . | . . . . . Drone Recoveries . | . . . . . Exploration | -11 -10 -10 -10 -9 ------------- Run | Yrd Mat Min Exi Min Turns Passed 3574 | 168 1125 1389 862 30 Spaces Moved 1935 | 82 599 620 610 24 Core 6 | 6 . . . . Treads 680 | 76 599 5 . . Legs 1249 | . . 615 610 24 Wheels . | . . . . . Hover . | . . . . . Flight . | . . . . . Fastest Speed 50 | 50 160 120 120 120 Average Speed 142 | 153 160 127 140 120 Slowest Speed 190 | 160 160 190 190 120 Overloaded Moves . | . . . . . Propulsion Burnouts . | . . . . . Robots Hopped . | . . . . . Cave-ins Triggered . | . . . . . Exploration Rate (%) 55 | 5 80 86 94 13 Regions Visited 4 Branch Regions 3 Pre-discovered Areas . | . . . . . Known Exits Taken . | . . . . . Unknown Exits Taken 4 | 1 1 1 1 . Scrap Searched 1 | . . 1 . . Spaces Dug . | . . . . . Terrain Destroyed 32 | . . 29 3 . Melee . | . . . . . Projectile . | . . . . . AOE 32 | . . 29 3 . Terrain Rammed . | . . . . . Walls Destroyed . | . . . . . Machines Disabled . | . . . . . Actions | -11 -10 -10 -10 -9 --------- Run | Yrd Mat Min Exi Min Total 2564 | 107 694 1125 613 25 Wait 412 | . 20 392 . . Move 1931 | 81 598 619 609 24 Hop . | . . . . . Pick Up 43 | 9 17 17 . . Fast Attach . | . . . . . Attach 15 | 7 . 8 . . Detach 1 | . . 1 . . Swap 23 | . 5 14 3 1 Drop 19 | . 9 10 . . Fire 119 | 10 44 64 1 . Melee . | . . . . . Ram . | . . . . . Kick . | . . . . . Crush 1 | . 1 . . . Escape Stasis . | . . . . . Rewire . | . . . . . Trap . | . . . . . Miscellaneous . | . . . . . Route ------- -11/Scrapyard -10/Materials (discovered 2 exits: [*Mat] / [*Min]) -10/Mines (discovered 2 exits: [*Mat] / *Exi) -10/Exiles (discovered 2 exits: [*Min x2]) -9/Mines History --------- Turn | Location | Event 8 | -11/Scrapyard | Discovered new exit (range 16) 169 | -11/Scrapyard | Entered Materials 195 | -10/Materials | Discovered new exit (range 14) 303 | -10/Materials | Build established: Mutant 794 | -10/Materials | Discovered new exit (range 8) 1294 | -10/Materials | Entered Mines 1313 | -10/Mines | Core integrity fell below 50% 1365 | -10/Mines | Lost 6 parts (1p3n1u1w) 1518 | -10/Mines | Excavation squad dispatched 1518 | -10/Mines | A large section of the Mines collapsed 1628 | -10/Mines | Core integrity fell below 20% 1768 | -10/Mines | Excavation squad dispatched 1852 | -10/Mines | Build established: Scavenger-Mutant 1894 | -10/Mines | Assisted by bots powering up and referring to "LRC-V3" 2014 | -10/Mines | Discovered new exit (range 10) 2098 | -10/Mines | Learned Materials security intel 2251 | -10/Mines | Received a Rocket Launcher from a helpful Derelict 2674 | -10/Mines | Deemed a non-threat by the Exiles lab entrance 2674 | -10/Mines | Discovered new exit (range 5) 2683 | -10/Mines | Entered Exiles 2683 | -10/Exiles | Found Exiles lab abandoned 2710 | -10/Exiles | Discovered new exit (range 14) 3237 | -10/Exiles | Discovered new exit (range 11) 3545 | -10/Exiles | Entered Mines 3575 | -9/Mines | Destroyed by Y-45 Defender with Heavy Assault Rifle Last Messages --------------- wreck your life and you're too stupid to see it coming. EXIT=FOUND Connecting with BIN's Terminal... >>Record! "BIN-BYE" To the spacelab! Connecting with DEC's Terminal... >>Record! "DEC-BYE" For the record, I voted to stay and build some amazing defenses, but HEX said this is a lab, not a battlefield. Anyway, you're too late, MAIN.C, Warlord sends his regards. Connecting with HEX's Terminal... >>Record! "HEX-BYE" To anyone looking for us: Don't. Connecting with EX-Vault Access... Connecting with EX-Prototypes Database... LOCATION=UNKNOWN GOAL=ESCAPE Critical hit (Burn: +37). Map ----- +----------------------------------------------------+ | ??????????????????????????????????????????? | | ??????????????????????????????????????????? | | ??????????????????????????????????????????? | | ??????????????????????????????????????????? | | ??????????????????????????????????????????? | | ??????????????????????????????????????????? | | ??????????????????????????????????????????? | | ??????????????????????????????????????????? | | ??????????????????????????????????????????? | | ??????????????????????????????????????????? | | ??????????????????????????????????????????? | | ??????????????????????????????????????????? | | ??????????????????????????????????????????? | | ??????????????????????????????????????????? | | ??????????????????????????????????????????? | | ??????????????????????????????????????????? | | ??????????????????????????????????????????? | | ??????????????????????????????????????????? | | ??????????????????????????????????????????? | | ??????????????????????????????????????????? | | ??????????????????????######??????????????? | | ?????????????????????##" Y"##???????????#?? | | ?????????????????????#!!Y !!#??????????#??? | | ?????????????????????#!! !!#?????????????? | | ??????????????????????# #??????????????? | | ?????????????????????###/@###?????????????? | | ?????????????????????# #??#??????????? | | ?????????????????????# ###???????????? | | ??????????????????#??# ####????????? | | ?????????????????????# #????????? | | ?????????????????????# ## #????????? | | ?????????????????????# ## #????????? | | ?????????????????????# ## #????????? | | ?????????????????????# ## ###??????? | | ?????????????????????# ## #####????? | | ?????????????????????# ## #????? | | ?????????????????????# ###### #????? | | ?????????????????????# #????# #????? | | ????????????????????? #????# #????? | | ????????????????????#### #####????# #????? | | ???????????????????????# ?#????#### #????? | | ???????????????????????# ??????# #????? | | ???????????????????????# ??????# ## #???#? | | ???????????????????????????????## ## ##??#? | | ??????????????????????????????## ##??? | | ??????????????????????????????# #??? | | ?????????????????????????????# #??? | | ?????????????????????????????# ##??? | | ?????????????????????????????# #???? | | ?????????????????????????????# ???? | +----------------------------------------------------+ Best States ------------- Heat Dissipation 35 Energy Generation 14 Energy Capacity 250 Matter Stores 300 Matter Capacity 300 Sight Range 16 Terrain Scan Range 16 Terrain Scan Density 10 Evasion (%) 55 Recoil Reduction 2 Item Schematics ----------------- None Robot Schematics ------------------ None Fabricated ------------ Nothing Alien Tech Used ----------------- None Achievements -------------- True Hacker Challenges ------------ None Game ------ Seed TitaniumPlatingFalx Manual? 0 Play Time 00:21:03 Cumulative 28.2 hours Start 2024.04.06 @ 16:14:20 End 2024.04.06 @ 16:35:11 Sessions 1 Manual Loads 0 Difficulty Rogue Special Mode None Game No. 29 Rogue 24 Adventurer 5 Explorer 0 Win Type - Total 1 Types 1/0/0/0/0/0/0/0/0 Lore% 13 Gallery% 32 Achievement% 28 Wizard Run 0 Options --------- Layout 1 ASCII 0 Keyboard 0 Movement Mouse Keybinds 0 Fullscreen 1 Font 24/Terminus Map View 50x35 Zoom Use 0% Tactical HUD 0 Map Filters NONE Filters NONE Steam 1 RUN: 3fe71fae-2861-4e6d-8542-3123e27ea744